 Dungeon Crawl Stone Soup version 0.28.0-43-g3370ac3207 (webtiles) character file.

Game seed: 13452483803255121594

591 fknight the Shield-Bearer (level 7, -1/60 HPs)
             Began as a Gnoll Fighter on Mar 8, 2022.
             Killed from afar by Ijyb (27 damage)
             ... with a bolt of acid
             ... on level 5 of the Dungeon.
             The game lasted 00:09:40 (3291 turns).

fknight the Shield-Bearer (Gnoll Fighter)           Turns: 3291, Time: 00:09:41

Health: -1/60      AC: 24    Str: 18    XL:     7   Next: 39%
Magic:  10/10      EV:  7    Int:  7    God:
Gold:   134        SH:  5    Dex: 11    Spells: 10/10 levels left

rFire   . . .      SeeInvis .   a - +0 trident
rCold   . . .      Faith    .   c - +0 buckler
rNeg    . . .      Spirit   .   B - +18 Lear's hauberk
rPois   .          Reflect  .   (helmet currently unavailable)
rElec   .          Harm     .   (no cloak)
rCorr   .          Rampage  .   (gloves currently unavailable)
Will    .....                   (boots currently unavailable)
Stlth   ..........              (no amulet)
HPRegen 0.20/turn               (no ring)
MPRegen 0.12/turn               (no ring)

@: corroded
A: fangs 1, strong nose, distributed training
a: no special abilities


You were on level 5 of the Dungeon.
You visited 1 branch of the dungeon, and saw 5 of its levels.

You collected 134 gold pieces.

Inventory:

Hand Weapons
 a - a +0 trident (weapon)
 b - a +2 vampiric whip
 q - a +2 short sword of draining
 s - a +0 vampiric short sword
 x - a +3 mace
Missiles
 h - 30 stones (quivered)
 k - 22 poisoned darts
Armour
 c - a +0 buckler (worn)
 B - the +18 Lear's hauberk (worn)
   (You found it on level 4 of the Dungeon)
Jewellery
 n - a +4 ring of protection
Wands
 u - a wand of flame (11)
Scrolls
 e - a scroll of fog {unknown}
 j - a scroll of vulnerability {unknown}
 l - a scroll of noise {unknown}
 m - a scroll of amnesia {unknown}
 t - a scroll of acquirement {unknown}
 w - a scroll of summoning {unknown}
 y - a scroll of blinking {unknown}
 z - 2 scrolls of identify {unknown}
 A - 2 scrolls of teleportation {unknown}
Potions
 d - 2 potions of might
 g - a potion of heal wounds {unknown}
 i - a potion of berserk rage {unknown}
 o - 3 potions of curing {unknown}
 r - a potion of mutation {unknown}
 v - a potion of resistance {unknown}


   Skills:
 + Level 7.0 Fighting
 + Level 2.4 Short Blades
 + Level 2.4 Long Blades
 + Level 2.4 Axes
 + Level 2.4 Maces & Flails
 + Level 5.2 Polearms
 + Level 2.4 Staves
 + Level 2.4 Slings
 + Level 2.4 Bows
 + Level 2.4 Crossbows
 + Level 2.4 Throwing
 + Level 7.0 Armour
 + Level 2.4 Dodging
 + Level 2.4 Stealth
 + Level 7.0 Shields
 + Level 2.4 Unarmed Combat
 + Level 2.4 Spellcasting
 + Level 2.0 Conjurations
 + Level 2.0 Hexes
 + Level 2.0 Summonings
 + Level 2.0 Necromancy
 + Level 2.0 Translocations
 + Level 2.0 Transmutations
 + Level 2.0 Fire Magic
 + Level 2.0 Ice Magic
 + Level 2.0 Air Magic
 + Level 2.0 Earth Magic
 + Level 2.0 Poison Magic
 + Level 2.7 Invocations
 + Level 2.4 Evocations


You had 10 spell levels left.
You didn't know any spells.
Your spell library contained the following spells:

 Spells                   Type           Power      Damage    Failure   Level
 Foxfire                  Conj/Fire      12%        2x1d4     91%         1
 Sting                    Tmut/Pois      12%        1d3       91%         1
 Blink                    Tloc           6%         N/A       97%         2
 Ensorcelled Hibernation  Hex/Ice        6%         N/A       97%         2
 Passwall                 Tmut/Erth      2%         N/A       97%         2
 Poisonous Vapours        Pois/Air       6%         N/A       97%         2
 Conjure Flame            Conj/Fire      3%         6-21      99%         3
 Inner Flame              Hex/Fire       3%         N/A       99%         3
 Swiftness                Air            3%         N/A       99%         3
 Flame Wave               Conj/Fire      3%         2d4       100%        4
 Olgreb's Toxic Radiance  Pois           3%         N/A       100%        4
 Manifold Assault         Tloc           3%         N/A       100%        5
 Storm Form               Tmut/Air       1%         N/A       100%        7


Dungeon Overview and Level Annotations

Branches:
Dungeon (5/15)
 Temple: D:4-7

Altars:

Annotations:
D:5 Ijyb


Innate Abilities, Weirdness & Mutations

You have very sharp teeth.
Your uncanny sense of smell can sniff out nearby items.
Your experience applies equally to all skills.


Message History

The slug dart hits you but does no damage.
You reach to attack!
You puncture the dart slug!
The dart slug is almost dead.
The dart slug launches a dart at you.
The slug dart hits you but does no damage.
You reach to attack!
You puncture the dart slug!
You kill the dart slug!
No target in view!
No target in view!
Ijyb the Twisted Goblin comes into view.
She is wielding a +0 dagger and carrying a wand of acid (5).
You throw a stone. The stone hits Ijyb.
Ijyb is lightly wounded.
You throw a stone. The stone hits Ijyb but does no damage.
Ijyb is lightly wounded.
Ijyb zaps a wand.
The bolt of acid hits you but does no damage.
Ijyb zaps a wand.
The bolt of acid hits you! Ijyb hits you but does no damage.
You closely miss Ijyb.
Ijyb is lightly wounded.
Ijyb hits you but does no damage.
You closely miss Ijyb.
Ijyb is lightly wounded.
Ijyb hits you but does no damage.
You hit Ijyb.
Ijyb is lightly wounded.
Ijyb barely misses you.
You barely miss Ijyb.
Ijyb is lightly wounded.
You block Ijyb's attack. Ijyb completely misses you.
You completely miss Ijyb.
Ijyb is lightly wounded.
Ijyb zaps a wand.
The bolt of acid hits you!! The acid corrodes you!
You hit Ijyb. Your bite misses Ijyb.
Ijyb is moderately wounded.
Ijyb hits you with a +0 dagger.
You closely miss Ijyb. Your bite misses Ijyb.
Ijyb is moderately wounded.
Ijyb zaps a wand.
The bolt of acid hits you!!
You die...

## #.# ... ∆ ..#.# ...
###.#.# #.# .....# #.#
#.#.# #.# # #
#...######.##.####
####.###.........((....
...............@g....#
######.####.#####.#.#
#.# #.# ∆ #.# #.# #.#
#.# #.# #.# #.# #.# #.#
#.# #.#


You could see Ijyb.

Vanquished Creatures
  A necrophage (D:5)
  An ogre (D:5)
  A centaur (D:5)
  A scorpion (D:5)
  A hound (D:3)
  An iguana (D:5)
  An orc wizard (D:5)
  2 hound skeletons
  8 adders
  2 worms
  2 dart slugs (D:5)
  19 orcs
  4 bats
  8 endoplasms
  5 giant cockroaches
  4 goblins
  6 hobgoblins
  6 jackals
  2 quokkas
  5 ball pythons
  3 frilled lizards
  4 kobolds
  7 rats
94 creatures vanquished.

Vanquished Creatures (others)
  2 plants (D:2)
2 creatures vanquished.

Grand Total: 96 creatures vanquished

Notes
Turn   | Place    | Note
-------+----------+-------------------------------------------
     0 | D:1      | fknight the Gnoll Fighter began the quest for the Orb.
     0 | D:1      | Reached XP level 1. HP: 23/23 MP: 1/1
    36 | D:1      | Reached XP level 2. HP: 22/29 MP: 2/2
   584 | D:1      | Found a faded altar of an unknown god.
   712 | D:1      | Reached XP level 3. HP: 35/35 MP: 3/3
  1016 | D:2      | Reached skill level 1 in Invocations
  1146 | D:2      | Reached skill level 1 in Short Blades
  1146 | D:2      | Reached skill level 1 in Long Blades
  1146 | D:2      | Reached skill level 1 in Axes
  1146 | D:2      | Reached skill level 1 in Maces & Flails
  1146 | D:2      | Reached skill level 1 in Staves
  1146 | D:2      | Reached skill level 1 in Slings
  1146 | D:2      | Reached skill level 1 in Bows
  1146 | D:2      | Reached skill level 1 in Crossbows
  1146 | D:2      | Reached skill level 1 in Throwing
  1146 | D:2      | Reached skill level 1 in Dodging
  1146 | D:2      | Reached skill level 1 in Stealth
  1146 | D:2      | Reached skill level 1 in Unarmed Combat
  1146 | D:2      | Reached skill level 1 in Spellcasting
  1146 | D:2      | Reached skill level 1 in Evocations
  1572 | D:3      | Reached XP level 4. HP: 37/41 MP: 5/5
  1677 | D:3      | Reached skill level 1 in Conjurations
  1677 | D:3      | Reached skill level 1 in Hexes
  1677 | D:3      | Reached skill level 1 in Summonings
  1677 | D:3      | Reached skill level 1 in Necromancy
  1677 | D:3      | Reached skill level 1 in Translocations
  1677 | D:3      | Reached skill level 1 in Transmutations
  1677 | D:3      | Reached skill level 1 in Fire Magic
  1677 | D:3      | Reached skill level 1 in Ice Magic
  1677 | D:3      | Reached skill level 1 in Air Magic
  1677 | D:3      | Reached skill level 1 in Earth Magic
  1677 | D:3      | Reached skill level 1 in Poison Magic
  2081 | D:3      | Reached XP level 5. HP: 47/47 MP: 5/7
  2532 | D:4      | Found the +18 Lear's hauberk
  2854 | D:5      | Entered Level 5 of the Dungeon
  2874 | D:5      | Noticed an ogre
  2882 | D:5      | Killed an ogre
  2883 | D:5      | Reached skill level 5 in Polearms
  2883 | D:5      | Reached XP level 6. HP: 51/53 MP: 8/8
  3055 | D:5      | Reached XP level 7. HP: 30/59 MP: 10/10
  3279 | D:5      | Noticed Ijyb
  3291 | D:5      | Killed from afar by Ijyb

Illustrated notes

Levels and vault maps discovered:
D:1:      dpeg_arrival_tiny_a, layout_loops_ring,
          hellmonk_ecumenical_altar_inner_sanctum
D:2:      layout_loops_cross, serial_forest, infiniplex_forest_corner_1,
          infiniplex_forest_straight_3, infiniplex_forest_lined_3,
          infiniplex_forest_straight_3, infiniplex_forest_lined_3,
          infiniplex_forest_clump_cross, infiniplex_forest_clump_long,
          infiniplex_forest_clump_cross, kennysheep_generic_room_3
D:3:      layout_rooms
D:4:      layout_rooms
D:5:      layout_loops_ring, serial_shops, kennysheep_little_box,
          grunt_ministairs_15, uniq_duvessa, uniq_prince_ribbit1, uniq_ijyb

Skill      XL: |  1  2  3  4  5  6  7 |
---------------+----------------------+-----
Invocations    | 1 2 |  2.7
Short Blades   | 1 2 |  2.4
Long Blades    | 1 2 |  2.4
Axes           | 1 2 |  2.4
Maces & Flails | 1 2 |  2.4
Staves         | 1 2 |  2.4
Slings         | 1 2 |  2.4
Bows           | 1 2 |  2.4
Crossbows      | 1 2 |  2.4
Throwing       | 1 2 |  2.4
Dodging        | 1 2 |  2.4
Stealth        | 1 2 |  2.4
Unarmed Combat | 1 2 |  2.4
Spellcasting   | 1 2 |  2.4
Evocations     | 1 2 |  2.4
Conjurations   | 1 2 |  2.0
Hexes          | 1 2 |  2.0
Summonings     | 1 2 |  2.0
Necromancy     | 1 2 |  2.0
Translocations | 1 2 |  2.0
Transmutations | 1 2 |  2.0
Fire Magic     | 1 2 |  2.0
Ice Magic      | 1 2 |  2.0
Air Magic      | 1 2 |  2.0
Earth Magic    | 1 2 |  2.0
Poison Magic   | 1 2 |  2.0
Polearms       | 5 |  5.2
Fighting       | 7 |  7.0
Armour         | 7 |  7.0
Shields        | 7 |  7.0

Action                   |  1- 3 |  4- 6 |  7- 9 || total
-------------------------+-------+-------+-------++-------
Melee: Trident           |   108 |   183 |    19 ||   310
       Bite              |     5 |    17 |     1 ||    23
Throw: Stone             |       |     9 |     2 ||    11
Armor: Scale mail        |    34 |    67 |       ||   101
       Chain mail        |       |    24 |     9 ||    33
Dodge: Dodged            |    46 |    92 |     2 ||   140
Block: Buckler           |    23 |    49 |     2 ||    74
